 Dungeon Crawl Stone Soup version 0.30.1-9-gdf580d7c3d (webtiles) character file.

Game seed: 5781690020753702411

96 fireball365 the Trooper (level 4, 0/32 (41) HPs)
             Began as a Hill Orc Fighter on Oct 11, 2023.
             Slain by a jelly (2 damage)
             ... on level 3 of the Dungeon.
             The game lasted 00:04:33 (2109 turns).

fireball365 the Trooper (Hill Orc Fighter)          Turns: 2109, Time: 00:04:34

HP:   0/32 (41)     AC:  0    Str: 20    XL:     4   Next: 67%
MP:   4/4           EV:  9    Int:  8    God:
Gold: 184           SH:  4    Dex: 10    Spells: 3/3 levels left

rFire   . . .        a - +0 war axe
rCold   . . .        c - +0 buckler
rNeg    . . .        b - +0 scale mail
rPois   .            (no helmet)
rElec   .            (no cloak)
rCorr   .            (no gloves)
SInv    .            (no boots)
Will    .....        (no amulet) Stlth
                     (no ring)
HPRegen 0.25/turn    (no ring)
MPRegen 0.09/turn

%: no passive effects
@: corroded, heavily drained
A: no striking features
a: no special abilities


You were on level 3 of the Dungeon.
You visited 1 branch of the dungeon, and saw 3 of its levels.

You collected 184 gold pieces.

Inventory:

Hand Weapons
 a - a +0 war axe (weapon)
Armour
 b - a +0 scale mail (worn)
 c - a +0 buckler (worn)
Jewellery
 m - an amulet of the acrobat
 o - a +6 ring of strength
Scrolls
 e - 2 scrolls of fog {unknown}
 g - 4 scrolls of identify {unknown}
 h - 2 scrolls of noise
 j - a scroll of immolation {unknown}
 k - a scroll of silence {unknown}
 l - a scroll of fear {unknown}
 n - a scroll of amnesia {unknown}
 q - a scroll of butterflies {unknown}
Potions
 d - 2 potions of might
 f - a potion of brilliance {unknown}
 i - 4 potions of curing
 p - a potion of berserk rage {unknown}


   Skills:
 + Level 4.4 Fighting
 + Level 4.3 Axes
 + Level 3.9 Armour
 + Level 0.3 Dodging
 + Level 3.7 Shields


You had 3 spell levels left.
You didn't know any spells.
Your spell library was empty.

Dungeon Overview and Level Annotations

Branches:
Dungeon (3/15)

Altars:
Nemelex Xobeh
Okawaru

Annotations:
D:3 1 runed translucent door, mkat's ghost, amateur OpBr


Message History

The adder barely misses you. x2
You closely miss the adder.
The adder is almost dead.
The adder barely misses you. x2
You closely miss the adder.
The adder is almost dead.
You block the adder's attack.
You slash the adder!
You kill the adder!
You see here an adder corpse.
Found a whip.
You now have 184 gold pieces (gained 11).
Found a sparkling altar of Nemelex Xobeh.
Found a stone staircase leading down.
Found a leather armour.
There is a stone staircase leading down here.
A jelly comes into view.
You see here a +0 leather armour.
You see here a +0 leather armour.
The jelly quivers.
You barely miss the jelly. The jelly hits you but does no damage.
The jelly barely misses you.
You hit the jelly.
Your hands burn!
The jelly is lightly wounded.
The jelly hits you but does no damage.
You hit the jelly. The acid corrodes you!
Your hands burn!
The jelly is lightly wounded.
The jelly closely misses you.
You slash the jelly! The acid corrodes you!
Your hands burn!
The jelly is severely wounded.
You block the jelly's attack. The jelly hits you.
You are splashed with acid.
You hit the jelly.
Your hands burn!
The jelly is severely wounded.
The jelly hits you.
You are splashed with acid.
* * * LOW HITPOINT WARNING * * *
You hit the jelly but do no damage.
Your hands burn!
* * * LOW HITPOINT WARNING * * *
The jelly is severely wounded.
The jelly hits you.
You die...

#.# #.# #.#
#.# #8...8#
#.# ##.....##
#[####8.....8
#....##.....#
########..###
8...8
......J@..#
##_##
########.##
######
#.#####...##
#.##.......#
#>##....)..#
#.##.......#
#..........#
####.......#
#.......#


You could see a jelly.

Vanquished Creatures
  Robin (D:2)
  An adder (D:3)
  2 dart slugs (D:2)
  4 bats
  6 endoplasms
  6 giant cockroaches
  6 goblins
  11 hobgoblins
  8 jackals (D:2)
  5 kobolds
  A quokka (D:1)
  7 frilled lizards
  4 rats
62 creatures vanquished.

Notes
Turn   | Place    | Note
-------+----------+-------------------------------------------
     0 | D:1      | fireball365 the Hill Orc Fighter began the quest for the
                  | Orb.
     0 | D:1      | Reached XP level 1. HP: 19/19 MP: 1/1
   315 | D:1      | Reached XP level 2. HP: 24/27 MP: 2/2
   772 | D:1      | Reached XP level 3. HP: 33/33 MP: 3/3
   893 | D:2      | Identified the +0 robe "Yruaxoaz" {*Corrode Dex+3}
  1315 | D:2      | Noticed Robin
  1332 | D:2      | Reached XP level 4. HP: 8/33 MP: 4/4
  1337 | D:2      | Killed Robin
  1944 | D:3      | Found an iron altar of Okawaru.
  2034 | D:3      | Found a runed translucent door.
  2037 | D:3      | Noticed mkat's ghost (amateur OpBr)
  2063 | D:3      | Found a sparkling altar of Nemelex Xobeh.
  2109 | D:3      | Slain by a jelly

Illustrated notes

Levels and vault maps discovered:
D:1:      arrival_zaba_pyramid, layout_loops_ring, minmay_lizard_pond
D:2:      layout_basic, serial_curves, eino_curves_04, eino_curves_03,
          kennysheep_generic_room_12, uniq_robin
D:3:      layout_loops_ring, nicolae_overflow_hidden_temple,
          amcnicky_altar_gilded, dreamdust_ecumenical_altar_grove,
          ebering_ghost_sewer_d

Skill      XL: |  1  2  3  4 |
---------------+-------------+-----
Fighting       | 4 |  4.4
Axes           | 3 4 |  4.3
Armour         | |  3.9
Dodging        | |  0.3
Shields        | |  3.7

Action                     |  1- 3 |  4- 6 || total
---------------------------+-------+-------++-------
  Melee: War axe           |   102 |    61 ||   163
    Use: Scroll            |     1 |       ||     1
 Armour: Scale mail        |   102 |    24 ||   126
  Dodge: Dodged            |    84 |    32 ||   116
  Block: Buckler           |    41 |    14 ||    55
